 Dungeon Crawl Stone Soup version 0.19.1-1-g22dce08 (webtiles) character file.

88 McKennaii the Gusty (level 4, -6/27 HPs)
             Began as a High Elf Air Elementalist on Jan 6, 2017.
             Shot with an arrow by a centaur (15 damage)
             ... on level 3 of the Dungeon.
             The game lasted 00:04:18 (1446 turns).

McKennaii the Gusty (High Elf Air Elementalist)     Turns: 1446, Time: 00:04:19

Health: -6/27      AC:  2    Str:  7    XL:     4   Next: 29%
Magic:  2/9        EV: 13    Int: 20    God:
Gold:   65         SH:  0    Dex: 15    Spells: 4 memorised, 1 level left

rFire  . . .     SeeInvis .     (no weapon)
rCold  . . .     Gourm    .     a - +0 robe
rNeg   . . .     Faith    .     (no shield)
rPois  .         Spirit   .     (no helmet)
rElec  .         Reflect  .     (no cloak)
rCorr  .         Harm     .     (no gloves)
MR     .....                    (no boots)
Stlth  ++........               (no amulet)
                                (no ring)
                                (no ring)

@: no status effects
A: no striking features
a: no special abilities


You were on level 3 of the Dungeon.
You were not hungry.

You visited 1 branch of the dungeon, and saw 3 of its levels.

You collected 65 gold pieces.

Inventory:

Armour
 a - a +0 robe (worn)
Scrolls
 f - a scroll of random uselessness {unknown}
 h - a scroll of fog {unknown}
 i - 4 scrolls of identify {unknown}
 k - a scroll of recharging {unknown}
 l - 2 scrolls of remove curse {unknown}
 m - a scroll of fear {unknown}
 o - a scroll of immolation {unknown}
 p - 2 scrolls of teleportation {unknown}
Potions
 c - a potion of haste {unknown}
 d - a potion of curing {unknown}
 e - a potion of berserk rage {unknown}
 g - 2 potions of invisibility {unknown}
 j - a potion of brilliance {unknown}
 n - a potion of lignification {unknown}
Books
 b - a book of Air

   Spells                             Type                      Level
   a - Shock                          Conjuration/Air              1
   b - Swiftness                      Charms/Air                   2
   c - Repel Missiles                 Charms/Air                   2
   d - Static Discharge               Conjuration/Air              3
   e - Lightning Bolt                 Conjuration/Air              5


   Skills:
 + Level 2.4 Dodging
 + Level 2.4 Stealth
 + Level 0.5 Unarmed Combat
 + Level 3.3 Spellcasting
 + Level 1.9 Conjurations
 + Level 4.8 Air Magic


You had one spell level left.
You knew the following spells:

 Your Spells              Type           Power        Failure   Level  Hunger
a - Shock                 Conj/Air       ###.         3%          1    None
b - Swiftness             Chrm/Air       ##......     10%         2    ##.....
c - Repel Missiles        Chrm/Air       ##....       10%         2    ##.....
d - Static Discharge      Conj/Air       ###.....     12%         3    ###....


Dungeon Overview and Level Annotations

Branches:
Dungeon (3/15)

Altars:
Dithmenos
Elyvilon
Ru
Vehumet

Annotations:
D:3 McKennaii's ghost, amateur HEAE


Message History

A centaur comes into view.
A rat comes into view.
The centaur shouts!
The centaur wields a shortbow.
The centaur shoots an arrow.
The arrow hits you!
You see here an arrow.
The centaur shoots an arrow.
The arrow hits you!
McKennaii's ghost (amateur High Elf Air Elementalist) comes into view.
The centaur shoots an arrow.
The arrow closely misses you.
You see here an arrow.
The centaur shoots an arrow.
The arrow closely misses you.
An orc comes into view. It is wielding a short sword.
The centaur shoots an arrow.
The arrow closely misses you.
You see here 2 arrows.
Found a bread ration.
The centaur shoots an arrow.
The arrow hits you.
The centaur shoots an arrow.
The arrow barely misses you.
You see here 2 arrows.
The centaur shoots an arrow.
The arrow hits you!
Ouch! That really hurt!
You die...

...........#.......
#..................
#..................
#..........<.#####
...........†.....#
...).............#
####............#
#.........####
#....@....... #....
####....(.>.....
#.....#...............
...c...#......(........
.......#...............
##......#...............
........................
.........c.r...#........
...........W..###......


You could see a centaur and a rat.

Vanquished Creatures
  A hound zombie (D:3)
  2 adders (D:2)
  A worm (D:2)
  2 dart slugs
  8 bats
  3 giant cockroaches (D:1)
  9 goblins
  4 hobgoblins
  5 kobolds
  4 ball pythons
  5 frilled lizards
  9 rats
53 creatures vanquished.

Notes
Turn   | Place    | Note
-------+----------+-------------------------------------------
     0 | D:1      | McKennaii the High Elf Air Elementalist began the quest for the Orb.
     0 | D:1      | Reached XP level 1. HP: 11/11 MP: 4/4
   120 | D:1      | Reached XP level 2. HP: 17/17 MP: 0/6
   416 | D:1      | Reached skill level 4 in Air Magic
   683 | D:2      | Reached XP level 3. HP: 21/21 MP: 5/8
   790 | D:2      | Found a radiant altar of Vehumet.
   801 | D:2      | Found a sacrificial altar of Ru.
   893 | D:2      | Found a white marble altar of Elyvilon.
  1319 | D:2      | Reached XP level 4. HP: 27/27 MP: 2/9
  1357 | D:2      | Found a shadowy altar of Dithmenos.
  1396 | D:2      | Learned a level 2 spell: Swiftness
  1399 | D:2      | Learned a level 2 spell: Repel Missiles
  1403 | D:2      | Learned a level 3 spell: Static Discharge
  1433 | D:3      | Noticed a centaur
  1439 | D:3      | Noticed McKennaii's ghost (amateur HEAE)
  1446 | D:3      | Shot with an arrow by a centaur

Skill      XL: |  1  2 |
---------------+-------+-----
Spellcasting   | 3 |  3.3
Air Magic      | 4 |  4.8
Dodging        | |  2.4
Stealth        | |  2.4
Unarmed Combat | |  0.5
Conjurations   | |  1.9

Action                   |  1- 3 |  4- 6 || total
-------------------------+-------+-------++-------
Melee: Unarmed           |    20 |       ||    20
 Cast: Shock             |    87 |    12 ||    99
  Eat: Bread ration      |       |     1 ||     1
Armor: Robe              |     2 |     1 ||     3
Dodge: Dodged            |    18 |     9 ||    27
